 Dungeon Crawl Stone Soup version 0.30.0-5-g1a98f26d00 (webtiles) character file.

Game seed: 11344629375055665890

4330 ANNNA the Thaumaturge (level 10, -2/73 HPs)
             Began as a Purple Draconian Ice Elementalist on May 10, 2023.
             Was an Initiate of Ashenzari.
             Slain by an orc warrior
             ... wielding a +0 mace
              (22 damage)
             ... on level 9 of the Dungeon.
             The game lasted 00:36:51 (9129 turns).

ANNNA the Thaumaturge (DrIE)                        Turns: 9129, Time: 00:36:52

Health: -2/73      AC: 17    Str: 23    XL:     10   Next: 12%
Magic:  18/23      EV: 13    Int: 19    God:    Ashenzari [......]
Gold:   471        SH:  0    Dex: 17    Spells: 20/27 levels left

rFire   + . .        B - +3 spear
rCold   . . .        v - orb "Himuose" {mayhem, rF+ Str+8}
rNeg    . . .        (body armour unavailable)
rPois   +            (helmet restricted)
rElec   .            y - +0 cloak
rCorr   .            k - +1 pair of gloves of the Black Moon {Rampage Int+3}
SInv    .            (no boots)
Will    +....        (no amulet)
Stlth   +++          c - +6 ring of dexterity
HPRegen 0.32/turn    A - ring of poison resistance
MPRegen 0.18/turn

%: mayhem, rampage
@: ice-armoured, freezing walls
A: breathe power, AC +7, unfitting armour, cold-blooded
a: Breathe Dispelling Energy, Renounce Religion, Curse Item


You were on level 9 of the Dungeon.
You worshipped Ashenzari.
Ashenzari was noncommittal.
You visited 2 branches of the dungeon, and saw 10 of its levels.

You collected 471 gold pieces.

Inventory:

Hand Weapons
 B - a +3 spear (weapon)
Missiles
 d - 78 stones (quivered)
 m - 9 poisoned darts
 t - 4 boomerangs of dispersal
Armour
 k - the +1 pair of gloves of the Black Moon (worn) {Rampage Int+3}
   (You found it on level 2 of the Dungeon)

   Int:       It affects your intelligence (+3).
   Rampage:   It bestows one free step when moving towards enemies.
 v - the orb "Himuose" (worn) {mayhem, rF+ Str+8}
   (You took it off an orc on level 3 of the Dungeon)

   Str:       It affects your strength (+8).
   rF:        It protects you from fire.
 y - a +0 cloak (worn)
Jewellery
 c - a +6 ring of dexterity (left hand)
 z - a ring of fire
 A - a ring of poison resistance (right hand)
 E - a ring of willpower
Wands
 i - a wand of polymorph (4)
 D - a wand of flame (14)
 F - a wand of paralysis (7)
 G - a wand of digging (5)
Scrolls
 b - 2 scrolls of magic mapping
 e - a scroll of enchant weapon {unknown}
 f - 4 scrolls of fear
 g - 2 scrolls of noise
 j - 2 scrolls of teleportation
 n - 4 scrolls of blinking
 s - a scroll of amnesia
 u - a scroll of vulnerability {unknown}
 H - a scroll of summoning {unknown}
Potions
 a - a potion of magic
 h - 5 potions of curing
 l - 2 potions of brilliance
 o - a potion of degeneration {unknown}
 p - 3 potions of heal wounds
 q - 4 potions of haste
 r - a potion of mutation {unknown}
 w - 3 potions of invisibility {unknown}
 x - 2 potions of attraction {unknown}
 C - a potion of ambrosia {unknown}


   Skills:
 + Level 2.0 Fighting
 + Level 1.3 Short Blades
 * Level 5.4 Polearms
 + Level 1.2 Throwing
 + Level 3.7 Dodging
 * Level 5.7 Stealth
 * Level 9.2 Spellcasting
 * Level 3.7 Conjurations
 + Level 6.7 Ice Magic
 * Level 4.6 Evocations


You had 20 spell levels left.
You knew the following spells:

 Your Spells              Type           Power      Damage    Failure   Level
a - Freeze                Ice            100%       1d10      1%          1
b - Frozen Ramparts       Ice            68%        1d11      1%          3
c - Ozocubu's Armour      Ice            34%        N/A       1%          3

Your spell library contained the following spells:

 Spells                   Type           Power      Damage    Failure   Level
 Magic Dart               Conj           88%        1d7       1%          1
 Ensorcelled Hibernation  Hex/Ice        42%        N/A       3%          2
 Call Imp                 Summ           16%        N/A       12%         2
 Passwall                 Tmut/Erth      6%         N/A       12%         2
 Sublimation of Blood     Necr           8%         N/A       12%         2
 Mephitic Cloud           Conj/Pois/Air  13%        N/A       14%         3
 Summon Ice Beast         Ice/Summ       21%        N/A       21%         4
 Swiftness                Air            8%         N/A       24%         3
 Iskenderun's Battlesphe  Conj           22%        2d8       43%         5
 Leda's Liquefaction      Hex/Erth       4%         N/A       63%         4
 Petrify                  Tmut/Erth      8%         N/A       63%         4
 Irradiate                Conj/Tmut      7%         3d14      71%         5
 Lee's Rapid Deconstruct  Erth           4%         3d5*      92%         5
 Iron Shot                Conj/Erth      7%         9d2       99%         6
 Statue Form              Tmut/Erth      5%         N/A       100%        6
 Spellforged Servitor     Conj/Summ      7%         N/A       100%        7


Dungeon Overview and Level Annotations

Branches:
Dungeon (9/15)             Temple (1/1) D:4
   Lair: D:8-11         Orc: D:9-12

Altars:
Ashenzari
Cheibriados
Dithmenos
Elyvilon
Fedhas
Gozag
Kikubaaqudgha
Makhleb
Okawaru
Qazlal
Ru
Sif Muna
Vehumet
Xom
Yredelemnul
Zin
The Shining One

Shops:
D:2 *

Annotations:
D:3 2 runed translucent doors, 2 transporters, McKennaii's ghost, weakling DgCj; Menkaure
D:5 1 runed translucent door, Winged's ghost, amateur DrTm


Innate Abilities, Weirdness & Mutations

You can breathe bolts of dispelling energy.
Your rich purple scales are hard. (AC +7)
You cannot fit into any form of body armour.
You are cold-blooded and may be slowed by cold attacks.


Message History

You hit the orc warrior but do no damage.
The orc warrior is heavily wounded.
The wall freezes the acid dragon.
The acid dragon bites something!
You feel a bit more experienced.
The wall freezes the orc warrior but does no damage.
The orc warrior hits you with a +0 mace.
The wall freezes the acid dragon.
The acid dragon roars!
Aiming: Throw Flame
Press: ? - help, Shift-Dir - straight line, f - acid dragon
Aim: an acid dragon (heavily wounded, fast, strong, frenzied and insane, 74% to hit)
The puff of flame hits the acid dragon.
The acid dragon is heavily wounded.
The wall freezes the orc warrior but does no damage.
The orc warrior barely misses you.
The wall freezes the acid dragon but does no damage.
The acid dragon bites you.
The acid dragon claws you but does no damage.
The wall freezes the orc warrior.
The orc warrior closely misses you.
Okay, then.
Aiming: Throw Flame
Press: ? - help, Shift-Dir - straight line, f/p - acid dragon
Aim: an acid dragon (heavily wounded, fast, strong, frenzied and insane, 74% to hit)
The puff of flame misses the acid dragon.
The wall freezes the acid dragon but does no damage.
The acid dragon bites you. The acid dragon barely misses you.
The wall freezes the orc warrior but does no damage.
The orc warrior barely misses you.
The wall freezes the acid dragon.
The acid dragon bites you but does no damage.
The acid dragon claws you.
You hit the acid dragon but do no damage.
The acid dragon is severely wounded.
The wall freezes the orc warrior but does no damage.
The orc warrior closely misses you.
The wall freezes the acid dragon.
The acid dragon bites you!
* * * LOW HITPOINT WARNING * * *
The acid dragon closely misses you.
You feel better.
The wall freezes the orc warrior.
The orc warrior hits you with a +0 mace!!
You die...

#o.o..... #........
o.D....# #........
......# #........
o....# #.>......
....# +........ ...
#.[...>.. #.#
#........ ##D#
####'#### ###@)#
##....# #.o.##
#..#### ##.######
##'########
#.......###..........
#.........#..........
#.......#.'..........
#.......###..........
#.......# #..........
#.......# #.<........


You could see a neutral orc warrior (fast, strong, insane) and a neutral acid
dragon (fast, strong, insane).

Vanquished Creatures
  Psyche (D:8)
  A hornet (D:9)
  A shadow (D:9)
  A wyvern (D:9)
  An acid dragon (D:6)
  A water moccasin (D:7)
  2 orc warriors
  4 ice beasts
  3 black bears
  4 ogres
  A centaur (D:7)
  A kobold brigand (D:7)
  4 scorpions
  3 bullfrogs
  7 wights
  6 killer bees
  A howler monkey (D:4)
  3 jellies
  7 hounds
  5 orc priests
  A sleepcap (D:5)
  Jessica (D:2)
  An iguana (D:6)
  6 orc wizards
  Robin (D:2)
  5 gnolls
  10 adders
  A shadow imp (D:7)
  An ufetubus (D:5)
  A worm (D:5)
  5 dart slugs
  23 orcs
  7 ball pythons
  7 endoplasms
  3 giant cockroaches
  6 hobgoblins
  2 quokkas
  11 bats
  6 frilled lizards
  10 goblins
  9 kobolds
  7 rats
181 creatures vanquished.

Vanquished Creatures (collateral kills)
  A gnoll bouda (D:6)
  An iguana (D:5)
  An ufetubus (D:5)
  2 orcs
5 creatures vanquished.

Vanquished Creatures (others)
  A gnoll (D:6)
  An orc (D:8)
2 creatures vanquished.

Grand Total: 188 creatures vanquished

Notes
Turn   | Place    | Note
-------+----------+-------------------------------------------
     0 | D:1      | ANNNA the Draconian Ice Elementalist began the quest for
                  | the Orb.
     0 | D:1      | Reached XP level 1. HP: 14/14 MP: 3/3
   216 | D:1      | Reached XP level 2. HP: 13/20 MP: 5/5
   974 | D:2      | Noticed Jessica
   991 | D:2      | Killed Jessica
   992 | D:2      | Reached XP level 3. HP: 26/26 MP: 6/6
  1026 | D:2      | Found a white marble altar of Elyvilon.
  1026 | D:2      | Noticed Robin
  1094 | D:2      | Learned a level 3 spell: Frozen Ramparts
  1098 | D:2      | Learned a level 3 spell: Ozocubu's Armour
  1139 | D:2      | Identified the +1 pair of gloves of the Black Moon {Rampage
                  | Int+3}
  1240 | D:2      | Killed Robin
  1241 | D:2      | Reached XP level 4. HP: 34/34 MP: 4/8
  1412 | D:2      | Reached skill level 3 in Spellcasting
  1454 | D:2      | Found Weachaacw's General Store.
  2030 | D:3      | Found a runed translucent door.
  2041 | D:3      | Noticed McKennaii's ghost (weakling DgCj)
  2079 | D:3      | Identified the +4 helmet of Distant Shores {Will+ Str+5}
  2169 | D:3      | Found a basalt altar of Yredelemnul.
  2170 | D:3      | Noticed Menkaure
  2185 | D:3      | Found a transporter.
  2187 | D:3      | Found a transporter.
  2197 | D:3      | Noticed a necrophage
  2211 | D:3      | Found an ancient bone altar of Kikubaaqudgha.
  2247 | D:3      | Found a shadowy altar of Dithmenos.
  2414 | D:3      | Found a runed translucent door.
  2767 | D:4      | Found a staircase to the Ecumenical Temple.
  2787 | Temple   | Entered the Ecumenical Temple
  2844 | Temple   | Became a worshipper of Ashenzari the Shackled
  2911 | D:4      | Reached skill level 1 in Short Blades
  2911 | D:4      | Reached skill level 1 in Evocations
  2911 | D:4      | Reached XP level 5. HP: 34/39 MP: 4/9
  3176 | D:4      | Identified the orb "Himuose" {mayhem, rF+ Str+8}
  3432 | D:5      | Entered Level 5 of the Dungeon
  3457 | D:5      | Noticed an ice beast
  3503 | D:5      | Noticed an ogre
  3566 | D:5      | Reached XP level 6. HP: 45/46 MP: 11/11
  3641 | D:5      | Reached skill level 1 in Polearms
  3748 | D:5      | Found a glowing golden altar of the Shining One.
  3894 | D:5      | Found a runed translucent door.
  3895 | D:5      | Noticed Winged's ghost (amateur DrTm)
  3895 | D:5      | Noticed an acid dragon
  3941 | D:5      | Reached skill level 5 in Ice Magic
  4066 | D:5      | Reached skill level 4 in Spellcasting
  4066 | D:5      | Your scales start taking on a rich purple colour.
  4066 | D:5      | Reached XP level 7. HP: 51/51 MP: 5/14
  4068 | D:5      | Reached skill level 5 in Spellcasting
  4083 | D:5      | Reached skill level 1 in Fighting
  4297 | D:5      | Learned a level 1 spell: Magic Dart
  4462 | D:5      | Reached XP level 8. HP: 22/59 MP: 10/16
  4649 | D:5      | Identified the +4 quarterstaff of Grandeur {venom, rPois
                  | rC- rN++ Will+}
  4655 | D:5      | Reached skill level 6 in Spellcasting
  4659 | D:5      | Reached skill level 1 in Throwing
  5116 | D:6      | Reached skill level 5 in Stealth
  5274 | D:6      | Reached skill level 1 in Conjurations
  5596 | D:6      | Reached skill level 7 in Spellcasting
  5821 | D:6      | Found an iron altar of Okawaru.
  5829 | D:6      | Reached XP level 9. HP: 62/64 MP: 19/19
  7511 | D:8      | Reached skill level 8 in Spellcasting
  7854 | D:8      | Reached skill level 5 in Polearms
  8053 | D:8      | Noticed Psyche
  8067 | D:8      | Killed Psyche
  8600 | D:9      | Noticed a manticore
  8601 | D:9      | Noticed a rakshasa
  8603 | D:9      | Noticed a centaur warrior
  8603 | D:9      | Noticed a tengu warrior
  8604 | D:9      | Noticed a tengu warrior
  8604 | D:9      | Noticed a tengu conjurer
  8604 | D:9      | Noticed a meliai
  8604 | D:9      | Noticed a manticore
  8605 | D:9      | Noticed a tengu warrior
  8614 | D:9      | Noticed a troll
  8616 | D:9      | Noticed a manticore
  8644 | D:9      | Reached skill level 9 in Spellcasting
  8644 | D:9      | Reached XP level 10. HP: 49/73 MP: 16/23
  9129 | D:9      | Slain by an orc warrior

Illustrated notes

Levels and vault maps discovered:
D:1:      spicycebolla_green_bress_n_ham, layout_basic
D:2:      layout_loops_ring, basic_altar, serial_shops, shop, uniq_robin,
          uniq_jessica
D:3:      layout_basic, mainiacjoe_overflow_cross_hatched,
          gammafunk_temple_of_torment, ebering_ghost_sewer_f
D:4:      layout_cave_pools, minmay_temple_entry_mini_moons
D:5:      minmay_chambers_of_threes, layout_rooms,
          nicolae_tso_swordbearing_angel, ebering_ghost_inner_flame,
          minmay_checkerbox
D:6:      layout_loops_ring, hellmonk_okawaru_the_only_friend_you_need,
          uniq_menkaure
D:7:      layout_gridville, kennysheep_nub
D:8:      layout_rooms, uniq_psyche
D:9:      layout_roguey, minivault_12
Temple:   nicolae_temple_x_marks_the_god

Skill      XL: |  1  2  3  4  5  6  7  8  9 |
---------------+----------------------------+-----
Dodging        | 2 3 |  3.7
Stealth        | 2 3 4 5 |  5.7
Spellcasting   | 3 4 5 7 9 |  9.2
Short Blades   | 1 |  1.3
Evocations     | 1 2 3 4 |  4.6
Polearms       | 1 2 3 5 |  5.4
Ice Magic      | 5 6 |  6.7
Fighting       | 1 2 |  2.0
Throwing       | 1 |  1.2
Conjurations   | 2 3 |  3.7

Action                     |  1- 3 |  4- 6 |  7- 9 | 10-12 || total
---------------------------+-------+-------+-------+-------++-------
  Melee: Dagger            |    70 |    87 |       |       ||   157
         Unarmed           |     8 |       |       |       ||     8
         Tailslap          |    15 |    16 |    49 |     8 ||    88
         Punch             |     1 |     1 |       |       ||     2
         Spear             |       |    70 |   278 |    33 ||   381
  Throw: Stone             |       |     2 |     6 |       ||     8
         Dart              |       |       |     1 |       ||     1
   Cast: Freeze            |    14 |    13 |    21 |     1 ||    49
         Frozen Ramparts   |     1 |     8 |    39 |     2 ||    50
         Ozocubu's Armour  |       |     8 |    35 |     3 ||    46
         Magic Dart        |       |       |    19 |       ||    19
Ability: Breathe Dispellin |       |       |    10 |     1 ||    11
  Evoke: Wand              |       |       |     1 |     2 ||     3
    Use: Scroll            |       |     5 |     5 |       ||    10
         Potion            |       |       |       |     1 ||     1
   Stab: Sleeping          |     3 |     5 |     5 |     1 ||    14
         Distracted        |     1 |       |       |       ||     1
 Armour: Skin              |    30 |    64 |   123 |    11 ||   228
  Dodge: Dodged            |    54 |   110 |   160 |    16 ||   340
